cohdb
Replays
Latest Replays
All Replays
Popular Replays
Top Player Replays
Match Explorer
How It Works
Community
CoH3 Stats
Reddit
Sign in to upload your games and track your stats! →
Sign in with Steam
Match 47817024
Unlisted
Match 47817024
Overview
Messages
Build Orders
End
Selects Italian Infantry
Panzergrenadier Squad
Panzergrenadier Squad
Construct Light Support Kompanie
Panzergrenadier Squad
2.5-tonne Medical Truck
Selects Defensive Operations
Fire Support Elements
le.IG 18 Support Gun Team
Pak 38 Anti-tank Gun Team
le.IG 18 Support Gun Team
Veteran Squad Leaders
Selects Guastatori Squad
Forward Retreat Point
Construct Panzerarmee Kommand
Selects Registered Artillery
Registered Artillery
Selects Towed Cannone da 105/28 Field Howitzer
Towed Cannone da 105/28 Field Howitzer
Leidorf
grimeroyal
Lajnus
kaisen
000000001
Steiners_Counterattack
edteo98
qwerte
0
0
Comments
sign in to comment!
No comments posted yet!